 Dungeon Crawl Stone Soup version 0.31-a0-1539-g569d6c7dce (webtiles) character file.

Game seed: 10965005930662476449

22 Flugslaktarn the Trooper (level 2, 0/27 HPs)
             Began as a Minotaur Fighter on Jan 1, 2024.
             Succumbed to a goblin's poison
             ... on level 1 of the Dungeon.
             The game lasted 00:00:20 (318 turns).

Flugslaktarn the Trooper (Minotaur Fighter)          Turns: 318, Time: 00:00:20

Health: 0/27       AC:  8    Str: 20    XL:     2   Next: 68%
Magic:  1/1        EV:  9    Int:  5    God:
Gold:   12         SH:  4    Dex:  9    Spells: 1/1 levels left

rFire   . . .        a - +0 war axe
rCold   . . .        c - +0 buckler
rNeg    . . .        b - +0 scale mail
rPois   .            f - +1 hat
rElec   .            (no cloak)
rCorr   .            (no gloves)
SInv    .            (no boots)
Will    .....        (no amulet) Stlth
                     (no ring)
HPRegen 0.24/turn    (no ring)
MPRegen 0.07/turn

%: no passive effects
@: lethally poisoned (0 -> -3)
A: horns 2, retaliatory headbutt
a: no special abilities


You were on level 1 of the Dungeon.
You visited 1 branch of the dungeon, and saw 1 of its levels.

You collected 12 gold pieces.

Inventory:

Hand Weapons
 a - a +0 war axe (weapon)
Armour
 b - a +0 scale mail (worn)
 c - a +0 buckler (worn)
 f - a +1 hat (worn)
   (You found it on level 1 of the Dungeon)
Scrolls
 e - 2 scrolls of identify {unknown}
Potions
 d - a potion of might


   Skills:
 * Level 4.1 Fighting
 * Level 3.1 Axes
 + Level 3.9 Armour
 - Level 3.7 Shields


You had one spell level left.
You didn't know any spells.
Your spell library contained the following spells:

 Spells                   Type           Power      Damage    Failure   Level
 Dazzling Flash           Conj/Hex       0%         N/A       99%         3
 Volatile Blastmotes      Fire/Tloc      0%         2d10      99%         3
 Starburst                Conj/Fire      0%         6d3       100%        6
 Maxwell's Capacitive Co  Air            0%         ∞         100%        8


Dungeon Overview and Level Annotations

Branches:
Dungeon (1/15)

Altars:


Innate Abilities, Weirdness & Mutations

You have a pair of horns on your head.
You reflexively headbutt those who attack you in melee.


Message History

No target in view!
No target in view!
e - 2 scrolls labelled ULEKHL DENLY (gained 1)
There is a stone staircase leading down here.
A frilled lizard comes into view.
The frilled lizard hisses angrily.
A frilled lizard is nearby!
A frilled lizard is nearby!
A frilled lizard is nearby!
The frilled lizard bites you but does no damage.
You hit the frilled lizard.
You kill the frilled lizard!
No target in view!
No target in view!
No target in view!
You see here a frilled lizard corpse.
A rat comes into view.
Found a serpent talisman.
The rat squeaks loudly.
A rat is nearby!
A goblin comes into view. It is wielding a +0 dagger.
Found 12 gold pieces.
The rat barely misses you.
There are monsters nearby!
You closely miss the rat. You headbutt the rat.
You kill the rat!
You slash the goblin!
You kill the goblin!
No target in view!
No target in view!
No target in view!
No target in view!
No target in view!
No target in view!
No target in view!
No target in view!
You pick up a book of Spectacle and begin reading...
You add the spells Volatile Blastmotes, Dazzling Flash, Starburst and Maxwell's Capacitive Coupling to your library.
You now have 12 gold pieces.
A goblin comes into view. It is wielding a +0 dagger of venom.
The goblin shouts!
A goblin is nearby!
Unknown command.
A goblin is nearby!
A goblin is nearby!
A hobgoblin comes into view.
The hobgoblin shouts!
A rat comes into view.
Found a stone staircase leading down.
The rat squeaks loudly.
Found a notched emerald ring.
A bat comes into view.
The goblin hits you with a +0 dagger of venom.
You are poisoned.
The bat moves out of view.
You barely miss the goblin.
You feel very sick.
The goblin hits you with a +0 dagger of venom.
You are more poisoned.
The goblin hits you but does no damage.
You are lethally poisoned!
The hobgoblin hits you but does no damage.
You hit the goblin.
You kill the goblin!
You hit the hobgoblin but do no damage.
You feel very sick.
The hobgoblin hits you but does no damage.
You completely miss the hobgoblin. You headbutt the hobgoblin.
The hobgoblin is lightly wounded.
You barely miss the rat.
You feel very sick. The rat barely misses you.
You block the hobgoblin's attack.
You are too injured to fight recklessly!
You are too injured to fight recklessly!
You are too injured to fight recklessly!
There is a lethal amount of poison in your body!
You are too injured to fight recklessly!
You are too injured to fight recklessly!
You slash the rat!
You kill the rat!
You barely miss the hobgoblin.
* * * LOW HITPOINT WARNING * * *
You feel very sick. The bat barely misses you. The hobgoblin hits you.
* * * LOW HITPOINT WARNING * * *
The hobgoblin closely misses you.
You are too injured to fight recklessly!
You hit the hobgoblin but do no damage. You headbutt the hobgoblin.
You kill the hobgoblin!
* * * LOW HITPOINT WARNING * * *
You feel very sick. You block the bat's attack.
Okay, then.
Okay, then.
* * * LOW HITPOINT WARNING * * *
You feel sick. The bat closely misses you.
* * * LOW HITPOINT WARNING * * *
You feel sick.
You hit the bat.
You kill the bat!
You die...

.##.....> .
.^....... ..
........ #.. #
#.....#
#.#.....#
#.#)†...#
#.......#
###†##...=.
#@##.###.#
#.##...#.#
#......#.##
#.........#
#.........#
#.........###
#............
#.........###
#####.......###


There were no monsters in sight!

Vanquished Creatures
  A dart slug (D:1)
  A ball python (D:1)
  3 bats (D:1)
  An endoplasm (D:1)
  3 goblins (D:1)
  3 hobgoblins (D:1)
  A quokka (D:1)
  2 frilled lizards (D:1)
  4 rats (D:1)
19 creatures vanquished.

Notes
Turn   | Place    | Note
-------+----------+-------------------------------------------
     0 | D:1      | Flugslaktarn the Minotaur Fighter began the quest for the
                  | Orb.
     0 | D:1      | Reached XP level 1. HP: 19/19 MP: 0/0
   117 | D:1      | Reached XP level 2. HP: 27/27 MP: 1/1
   127 | D:1      | Reached skill level 4 in Fighting
   316 | D:1      | HP: 1/27 [poisoned by a goblin]
   318 | D:1      | Succumbed to a goblin's poison

Illustrated notes

Levels and vault maps discovered:
D:1:      eino_arrival_cavern_e, layout_basic

Skill      XL: |  1  2 |
---------------+-------+-----
Fighting       | 4 |  4.1
Axes           | 3 |  3.1
Armour         | |  3.9
Shields        | |  3.7

Action                     || total
---------------------------++-------
  Melee: War axe           ||    30
         Headbutt          ||     4
 Armour: Scale mail        ||    19
  Dodge: Dodged            ||    16
  Block: Buckler           ||     4

Table legend: (Time is in decaauts)
 A = Elapsed time spent in this place.
 B = Non-inter-level travel time spent in this place.
 C = Inter-level travel time spent in this place.
 D = Time resting spent in this place.
 E = Time spent auto-exploring this place.
 F = Levels seen in this place.
 G = Mean time per level.
                   A        B        C        D        E       F      G
               +--------+--------+--------+--------+--------+-----+--------+
         Total |    329 |    329 |      0 |      0 |    227 |   1 |  329.0 |
       Dungeon |    329 |    329 |      0 |      0 |    227 |   1 |  329.0 |
               +--------+--------+--------+--------+--------+-----+--------+

Top non-repeatable levels by time:
     D:1: 329 daAuts
